 Dungeon Crawl Stone Soup version 0.28.0-45-g0d030f2227 (webtiles) character file.

Game seed: 4095819120484220386

18 Icepheonix32 the Skirmisher (level 2, -7/36 HPs)
             Began as a Demonspawn Fighter on Apr 12, 2022.
             Mangled by an iguana (11 damage)
             ... on level 2 of the Dungeon.
             The game lasted 00:00:31 (896 turns).

Icepheonix32 the Skirmisher (Demonspawn Fighter)     Turns: 896, Time: 00:00:31

Health: -7/36      AC:  6    Str: 16    XL:     2   Next: 48%
Magic:  2/2        EV:  8    Int:  9    God:
Gold:   30         SH:  4    Dex: 12    Spells: 1/1 levels left

rFire   . . .      SeeInvis .   a - +0 long sword
rCold   . . .      Faith    .   c - +0 buckler
rNeg    . . .      Spirit   .   b - +0 scale mail
rPois   .          Reflect  .   (no helmet)
rElec   .          Harm     .   (no cloak)
rCorr   .          Rampage  .   (no gloves)
Will    .....                   (no boots)
Stlth   ..........              (no amulet)
HPRegen 0.12/turn               (no ring)
MPRegen 0.08/turn               (no ring)

@: berserking, very quick
A: spiny 1
a: no special abilities


You were on level 2 of the Dungeon.
You visited 1 branch of the dungeon, and saw 2 of its levels.

You collected 30 gold pieces.

Inventory:

Hand Weapons
 a - a +0 long sword (weapon)
Armour
 b - a +0 scale mail (worn)
 c - a +0 buckler (worn)
Scrolls
 e - 2 scrolls of identify {unknown}
 f - a scroll of fog {unknown}
Potions
 d - a potion of might


   Skills:
 + Level 3.1 Fighting
 - Level 2.0 Long Blades
 + Level 2.9 Armour
 + Level 0.1 Stealth
 + Level 3.1 Shields


You had one spell level left.
You didn't know any spells.
Your spell library was empty.

Dungeon Overview and Level Annotations

Branches:
Dungeon (2/15)

Altars:


Innate Abilities, Weirdness & Mutations

You are partially covered in sharp spines.


Message History

No target in view!
No target in view!
No target in view!
An iguana comes into view.
Found 9 gold pieces.
The iguana hisses angrily.
An iguana is nearby!
An iguana is nearby!
You block the iguana's attack.
You hit the iguana but do no damage. The iguana is struck by your spines.
The iguana barely misses you. The iguana is struck by your spines.
The iguana barely misses you.
You hit the iguana.
The iguana is moderately wounded.
The iguana bites you!
You hit the iguana but do no damage.
The iguana is moderately wounded.
You block the iguana's attack.
You hit the iguana but do no damage.
The iguana is moderately wounded.
You block the iguana's attack. The iguana bites you.
You are too injured to fight recklessly!
You are too injured to fight recklessly!
You are too injured to fight recklessly!
You are too injured to fight recklessly!
You are too injured to fight recklessly!
You are too injured to fight recklessly!
You are too injured to fight recklessly!
You are too injured to fight recklessly!
You are too injured to fight recklessly!
You are too injured to fight recklessly!
The iguana bites you!
* * * LOW HITPOINT WARNING * * *
It was a potion of berserk rage.
A red film seems to cover your vision as you go berserk!
You feel yourself moving faster!
You feel mighty!
You hit the iguana but do no damage.
The iguana is moderately wounded.
The iguana is struck by your spines. The iguana bites you!
You die...

#.#### #####.##
#....# #..#
#####....# ##..
#...#....# ##.
#......######
##
#.≈##.........#
#. #.....###.
.. +.....# ≈
##$@l.#
#......#
#...##.# #####
.# $ . .#


You could see an iguana.

Vanquished Creatures
  A worm (D:2)
  A ball python (D:1)
  An endoplasm (D:2)
  3 giant cockroaches (D:1)
  2 jackals (D:1)
  A kobold (D:1)
  3 bats (D:1)
  2 frilled lizards (D:1)
14 creatures vanquished.

Notes
Turn   | Place    | Note
-------+----------+-------------------------------------------
     0 | D:1      | Icepheonix32 the Demonspawn Fighter began the quest for the
                  | Orb.
     0 | D:1      | Reached XP level 1. HP: 18/18 MP: 1/1
   378 | D:1      | Gained mutation: You are partially covered in sharp spines.
                  | [demonic ancestry]
   378 | D:1      | Reached XP level 2. HP: 24/24 MP: 2/2
   896 | D:2      | Mangled by an iguana

Illustrated notes

Levels and vault maps discovered:
D:1:      lightli_arrival_quake, layout_loops_ring
D:2:      layout_rooms, basic_altar, serial_shops, nicolae_shop_hallway_plus

Skill      XL: |  1  2 |
---------------+-------+-----
Long Blades    | 2 |  2.0
Shields        | 3 |  3.1
Fighting       | |  3.1
Armour         | |  2.9
Stealth        | |  0.1

Action                   || total
-------------------------++-------
Melee: Long sword        ||    36
  Use: Potion            ||     1
Armor: Scale mail        ||    11
Dodge: Dodged            ||    14
Block: Buckler           ||    12
